General information
- name: BNet
- type: Ladder team game (AT/RT)
- host: Battle.net
- saver: BeastOfTheEast
map: Battleground
- players: 8
- length: 94:48
- speed: Fast
- version: 1.26 W3XP
- replay type: Public
» download(257 KB)
Players
team 1 (loser)

»
JerryRosebud (
green | 32 APM | 1025 actions | 31:45)
4 Mountain King
2 Storm Bolt
2 Bash
1 Paladin
1 Holy Light
» actions
| Basic commands | 63 | |
| Build / train | 63 | |
| ESC pressed | 16 | |
| Enter build submenu | 30 | |
| Enter hero's abilities submenu | 5 | |
| Remove unit from queue | 2 | |
| Right click | 566 | |
| Select / deselect | 238 | |
| Use ability | 42 | |
1025 total
» units
| Peasant | 9 | |
| Footman | 4 | |
| Forest Troll Shadow Priest | 1 | |
| Forest Troll Berserker | 1 | |
| Knight | 8 | |
| Siege Engine | 10 | |
33 total
» upgrades
| Masonry | 1 | |
| Plating | 1 | |
| Gunpowder | 3 | |
| Lumber Harvesting | 1 | |
| Barrage | 1 | |
| Swords | 1 | |
| Animal War Training | 1 | |
9 total
» buildings
| Altar of Kings | 1 | |
| Farm | 14 | |
| Barracks | 1 | |
| Scout Tower | 6 | |
| Lumber Mill | 1 | |
| Arcane Tower | 1 | |
| Keep | 1 | |
| Guard Tower | 5 | |
| Blacksmith | 1 | |
| Workshop | 1 | |
| Castle | 1 | |
| Town Hall | 1 | |
| Arcane Vault | 1 | |
35 total
» build order
00:28 Altar of Kings
00:39 Farm
01:11 Barracks
01:18 Farm
01:42 Farm
02:27 Farm
02:32 Scout Tower
02:42 Lumber Mill
03:23 Scout Tower
03:26 Farm
03:35 Arcane Tower
04:08 Scout Tower
04:09 Keep
04:12 Farm
04:14 Guard Tower
04:59 Farm
05:01 Guard Tower
05:04 Farm
05:12 Blacksmith
06:20 Scout Tower
06:22 Farm
06:45 Workshop
07:36 Castle
07:40 Guard Tower
07:43 Scout Tower
07:45 Farm
08:30 Scout Tower
08:33 Guard Tower
08:40 Farm
09:50 Town Hall
13:47 Guard Tower
13:50 Farm
13:57 Farm
14:00 Farm
19:32 Arcane Vault
» items
| Orb of Lightning | 1 | |
| Scroll of Town Portal | 1 | |
| Scroll of Speed | 1 | |
| Healing Salve | 1 | |
4 total
WARRIOROFHEAVEN (
red | 61 APM | 2573 actions | 42:05)
9 Archmage
3 Summon Water Elemental
3 Brilliance Aura
1 Mass Teleport
2 Blizzard
» actions
| Assign group hotkey | 37 | |
| Basic commands | 175 | |
| Build / train | 69 | |
| Enter build submenu | 22 | |
| Enter hero's abilities submenu | 9 | |
| Give item / drop item | 6 | |
| Right click | 1109 | |
| Select / deselect | 279 | |
| Select group hotkey | 727 | |
| Use ability | 140 | |
2573 total
» units
| Peasant | 12 | |
| Footman | 6 | |
| Gryphon Rider | 7 | |
25 total
» upgrades
| Masonry | 3 | |
| Lumber Harvesting | 2 | |
| Animal War Training | 1 | |
| Swords | 3 | |
| Armor | 3 | |
| Storm Hammers | 1 | |
13 total
» buildings
| Altar of Kings | 1 | |
| Barracks | 1 | |
| Farm | 11 | |
| Scout Tower | 14 | |
| Arcane Tower | 1 | |
| Arcane Vault | 1 | |
| Keep | 2 | |
| Lumber Mill | 2 | |
| Blacksmith | 1 | |
| Guard Tower | 6 | |
| Castle | 2 | |
| Gryphon Aviary | 3 | |
| Town Hall | 2 | |
47 total
» build order
00:08 Altar of Kings
00:20 Barracks
00:36 Farm
00:51 Farm
01:37 Farm
01:44 Scout Tower
02:22 Arcane Tower
02:39 Arcane Vault
03:09 Keep
03:50 Lumber Mill
04:33 Blacksmith
04:38 Scout Tower
04:38 Scout Tower
04:40 Scout Tower
04:41 Scout Tower
05:16 Guard Tower
05:37 Castle
06:12 Guard Tower
06:15 Gryphon Aviary
07:03 Gryphon Aviary
07:45 Farm
07:45 Farm
07:46 Farm
07:50 Farm
07:50 Farm
10:44 Scout Tower
10:45 Scout Tower
10:45 Scout Tower
11:24 Guard Tower
11:29 Town Hall
12:49 Gryphon Aviary
13:01 Scout Tower
13:01 Scout Tower
13:02 Scout Tower
13:31 Guard Tower
13:45 Lumber Mill
15:22 Farm
15:22 Farm
15:22 Farm
17:31 Keep
19:21 Scout Tower
19:22 Scout Tower
19:22 Scout Tower
20:10 Castle
20:29 Guard Tower
20:51 Town Hall
22:04 Guard Tower
» items
| Scroll of Regeneration | 3 | |
| Lesser Clarity Potion | 1 | |
| Staff of Teleportation | 1 | |
| Potion of Lesser Invulnerability | 1 | |
| Scroll of Town Portal | 1 | |
| Potion of Healing | 1 | |
| Boots of Speed | 1 | |
9 total

»
Zorro (
teal | 31 APM | 1297 actions | 42:05)
5 Blademaster
1 Wind Walk
3 Critical Strike
1 Mirror Image
» actions
| Assign group hotkey | 24 | |
| Basic commands | 34 | |
| Build / train | 54 | |
| Enter build submenu | 16 | |
| Enter hero's abilities submenu | 5 | |
| Right click | 543 | |
| Select / deselect | 254 | |
| Select group hotkey | 316 | |
| Use ability | 51 | |
1297 total
» units
» upgrades
| Ranged Weapons | 3 | |
| Envenomed Spears | 1 | |
| Armor | 2 | |
6 total
» buildings
| Orc Burrow | 6 | |
| Altar of Storms | 1 | |
| Barracks | 1 | |
| War Mill | 1 | |
| Voodoo Lounge | 1 | |
| Watch Tower | 2 | |
| Stronghold | 1 | |
| Beastiary | 2 | |
| Fortress | 1 | |
| Great Hall | 1 | |
17 total
» build order
00:06 Orc Burrow
00:10 Altar of Storms
00:13 Barracks
01:56 War Mill
02:14 Voodoo Lounge
02:29 Orc Burrow
03:27 Watch Tower
04:35 Stronghold
04:42 Watch Tower
05:44 Orc Burrow
06:55 Orc Burrow
07:18 Beastiary
07:24 Beastiary
07:40 Fortress
13:40 Great Hall
22:31 Orc Burrow
23:18 Orc Burrow
» items
| Healing Salve | 2 | |
| Orb of Lightning | 1 | |
| Tiny Great Hall | 1 | |
| Potion of Mana | 1 | |
5 total

»
iambest (
purple | 17 APM | 481 actions | 28:42)
3 Archmage
1 Summon Water Elemental
1 Blizzard
1 Brilliance Aura
1 Blood Mage
1 Flame Strike
» actions
| Assign group hotkey | 9 | |
| Basic commands | 3 | |
| Build / train | 53 | |
| Enter build submenu | 18 | |
| Enter hero's abilities submenu | 4 | |
| Remove unit from queue | 10 | |
| Right click | 158 | |
| Select / deselect | 176 | |
| Select group hotkey | 14 | |
| Use ability | 36 | |
481 total
» units
| Peasant | 19 | |
| Footman | 4 | |
| Rifleman | 6 | |
29 total
» upgrades
| Armor | 1 | |
| Gunpowder | 1 | |
| Lumber Harvesting | 1 | |
3 total
» buildings
| Barracks | 2 | |
| Farm | 9 | |
| Altar of Kings | 1 | |
| Scout Tower | 6 | |
| Arcane Vault | 1 | |
| Lumber Mill | 1 | |
| Blacksmith | 1 | |
| Arcane Tower | 1 | |
| Keep | 1 | |
| Guard Tower | 3 | |
26 total
» build order
02:16 Barracks
02:32 Farm
02:46 Altar of Kings
03:17 Farm
03:31 Scout Tower
03:34 Scout Tower
03:36 Scout Tower
04:21 Farm
04:33 Barracks
04:48 Arcane Vault
05:09 Lumber Mill
05:27 Blacksmith
05:30 Farm
05:31 Farm
05:57 Farm
06:04 Arcane Tower
06:34 Farm
08:15 Keep
08:20 Farm
08:34 Guard Tower
08:35 Guard Tower
08:55 Farm
13:27 Scout Tower
14:44 Guard Tower
16:02 Scout Tower
16:04 Scout Tower
team 2 (winner)
pusymoneyweed (
yellow | 32 APM | 668 actions | 21:03)
3 Priestess of the Moon
2 Trueshot Aura
1 Searing Arrows
» actions
| Basic commands | 11 | |
| Build / train | 49 | |
| Enter build submenu | 25 | |
| Enter hero's abilities submenu | 3 | |
| Right click | 387 | |
| Select / deselect | 162 | |
| Use ability | 31 | |
668 total
» units
| Wisp | 16 | |
| Ogre Mauler | 1 | |
| Chimaera | 8 | |
| Hippogryph | 13 | |
38 total
» upgrades
| Strength of the Wild | 3 | |
| Reinforced Hides | 1 | |
| Corrosive Breath | 1 | |
5 total
» buildings
| Hunter's Hall | 1 | |
| Moon Well | 5 | |
| Ancient Protector | 10 | |
| Tree of Ages | 1 | |
| Altar of Elders | 2 | |
| Tree of Eternity | 1 | |
| Ancient of Wind | 1 | |
| Chimaera Roost | 2 | |
23 total
» build order
00:09 Hunter's Hall
00:35 Moon Well
01:32 Ancient Protector
01:40 Ancient Protector
02:02 Moon Well
02:15 Ancient Protector
02:58 Ancient Protector
03:23 Tree of Ages
03:45 Altar of Elders
03:49 Altar of Elders
04:43 Ancient Protector
05:18 Moon Well
05:46 Tree of Eternity
05:54 Ancient of Wind
07:14 Moon Well
08:13 Chimaera Roost
08:18 Chimaera Roost
09:12 Ancient Protector
10:10 Ancient Protector
11:51 Ancient Protector
12:49 Ancient Protector
14:28 Moon Well
18:13 Ancient Protector
BeastOfTheEast (
orange | 27 APM | 2538 actions | 94:47)
9 Archmage
3 Summon Water Elemental
3 Brilliance Aura
2 Blizzard
1 Mass Teleport
» actions
| Assign group hotkey | 64 | |
| Basic commands | 126 | |
| Build / train | 136 | |
| ESC pressed | 10 | |
| Enter build submenu | 36 | |
| Enter hero's abilities submenu | 10 | |
| Give item / drop item | 5 | |
| Right click | 906 | |
| Select / deselect | 322 | |
| Select group hotkey | 678 | |
| Use ability | 245 | |
2538 total
» units
| Peasant | 18 | |
| Footman | 7 | |
| Gryphon Rider | 4 | |
| Dragonhawk Rider | 4 | |
33 total
» upgrades
| Masonry | 3 | |
| Lumber Harvesting | 2 | |
| Swords | 3 | |
| Animal War Training | 1 | |
| Armor | 3 | |
| Storm Hammers | 1 | |
| Cloud | 1 | |
14 total
» buildings
| Altar of Kings | 2 | |
| Barracks | 1 | |
| Farm | 5 | |
| Arcane Vault | 1 | |
| Scout Tower | 19 | |
| Lumber Mill | 1 | |
| Arcane Tower | 4 | |
| Keep | 2 | |
| Town Hall | 2 | |
| Guard Tower | 22 | |
| Blacksmith | 1 | |
| Castle | 3 | |
| Gryphon Aviary | 7 | |
70 total
» build order
00:49 Altar of Kings
00:51 Barracks
00:53 Altar of Kings
00:55 Farm
01:09 Farm
01:21 Farm
01:53 Arcane Vault
02:09 Scout Tower
02:11 Lumber Mill
02:25 Farm
02:41 Arcane Tower
02:42 Arcane Tower
04:05 Keep
04:06 Keep
07:00 Town Hall
07:06 Scout Tower
07:07 Scout Tower
07:09 Scout Tower
07:12 Scout Tower
07:14 Scout Tower
07:15 Scout Tower
07:17 Scout Tower
07:18 Scout Tower
07:20 Scout Tower
07:21 Scout Tower
07:35 Guard Tower
07:38 Guard Tower
07:38 Guard Tower
07:43 Guard Tower
08:00 Blacksmith
08:02 Guard Tower
08:06 Guard Tower
08:06 Guard Tower
08:06 Guard Tower
08:09 Guard Tower
08:09 Guard Tower
08:39 Castle
08:39 Castle
08:49 Guard Tower
08:49 Guard Tower
08:49 Guard Tower
08:55 Scout Tower
08:56 Scout Tower
09:02 Scout Tower
09:05 Scout Tower
09:10 Scout Tower
09:35 Gryphon Aviary
09:50 Guard Tower
09:50 Guard Tower
09:59 Gryphon Aviary
10:19 Gryphon Aviary
13:48 Farm
14:17 Scout Tower
14:19 Scout Tower
14:20 Scout Tower
14:50 Guard Tower
15:03 Guard Tower
19:19 Gryphon Aviary
19:21 Gryphon Aviary
19:24 Gryphon Aviary
19:25 Gryphon Aviary
26:16 Town Hall
» items
| Scroll of Regeneration | 7 | |
| Lesser Clarity Potion | 2 | |
| Tome of Retraining | 1 | |
| Staff of Teleportation | 1 | |
| Potion of Invisibility | 2 | |
| Scroll of Town Portal | 3 | |
| Staff of Sanctuary | 1 | |
17 total
tvo (
pink | 21 APM | 495 actions | 23:12)
2 Death Knight
1 Death Coil
1 Unholy Aura
» actions
| Build / train | 24 | |
| Enter build submenu | 17 | |
| Enter hero's abilities submenu | 2 | |
| Give item / drop item | 1 | |
| Remove unit from queue | 1 | |
| Right click | 315 | |
| Select / deselect | 113 | |
| Use ability | 22 | |
495 total
» units
| Acolyte | 2 | |
| Ghoul | 4 | |
| Crypt Fiend | 5 | |
| Wisp | 1 | |
12 total
» upgrades
| Creature Attack | 1 | |
| Creature Carapace | 1 | |
| Web | 1 | |
3 total
» buildings
| Ziggurat | 4 | |
| Crypt | 1 | |
| Altar of Darkness | 1 | |
| Graveyard | 1 | |
| Tomb of Relics | 2 | |
| Halls of the Dead | 1 | |
| Nerubian Tower | 3 | |
| Black Citadel | 1 | |
| Sacrificial Pit | 2 | |
| Necropolis | 1 | |
| Ancient of Lore | 1 | |
18 total
» build order
00:43 Ziggurat
00:48 Crypt
01:05 Altar of Darkness
02:18 Graveyard
02:47 Tomb of Relics
02:52 Ziggurat
04:52 Halls of the Dead
05:01 Tomb of Relics
06:05 Nerubian Tower
06:20 Ziggurat
07:59 Black Citadel
08:08 Sacrificial Pit
08:18 Ziggurat
08:24 Sacrificial Pit
08:45 Nerubian Tower
10:02 Nerubian Tower
20:01 Necropolis
22:32 Ancient of Lore
Orc_Roc (
blue | 32 APM | 719 actions | 22:22)
4 Blademaster
2 Critical Strike
2 Wind Walk
2 Shadow Hunter
1 Healing Wave
1 Hex
» actions
| Basic commands | 56 | |
| Build / train | 38 | |
| ESC pressed | 1 | |
| Enter build submenu | 17 | |
| Enter hero's abilities submenu | 6 | |
| Give item / drop item | 2 | |
| Right click | 256 | |
| Select / deselect | 258 | |
| Use ability | 85 | |
719 total
» units
| Peon | 7 | |
| Grunt | 4 | |
| Forest Troll Shadow Priest | 1 | |
| Tauren | 3 | |
| Shaman | 2 | |
17 total
» upgrades
| Shaman Training | 2 | |
| Pulverize | 1 | |
| Pillage | 1 | |
4 total
» buildings
| Altar of Storms | 1 | |
| Barracks | 1 | |
| Orc Burrow | 9 | |
| War Mill | 1 | |
| Voodoo Lounge | 1 | |
| Stronghold | 1 | |
| Fortress | 1 | |
| Spirit Lodge | 1 | |
| Tauren Totem | 3 | |
19 total
» build order
00:11 Altar of Storms
00:12 Barracks
00:24 Orc Burrow
01:45 Orc Burrow
02:44 War Mill
03:27 Orc Burrow
03:33 Voodoo Lounge
04:14 Stronghold
04:37 Orc Burrow
05:44 Orc Burrow
06:47 Fortress
06:50 Spirit Lodge
09:41 Tauren Totem
10:15 Tauren Totem
10:17 Tauren Totem
14:33 Orc Burrow
14:36 Orc Burrow
17:52 Orc Burrow
17:55 Orc Burrow
» items
| Healing Salve | 2 | |
| Lesser Clarity Potion | 3 | |
| Orb of Lightning | 1 | |
| Scroll of Town Portal | 1 | |
7 total
Chat log
(00:09 / Allies) Orc_Roc: rush?
(00:53 / All) JerryRosebud: my baby fell
(00:57 / All) Orc_Roc: lmao
(00:58 / All) Orc_Roc: stfu u ass
(01:00 / All) tvo: lmao
(01:04 / All) JerryRosebud: your lucky your not on my team orc roc u on the perma tk list
(01:24 / All) Orc_Roc: tell ur baby to walk it off
(01:25 / All) WARRIOROFHEAVEN: u do not know what hyperbole means
(01:26 / All) BeastOfTheEast: I can't believe it's still paused. You getting your baby alright, green?
(01:28 / All) tvo: it means lets play
(01:30 / All) BeastOfTheEast: Oh fuck teal unpasued
(01:32 / All) Orc_Roc: lmao.... an extremity of a lie
(01:32 / All) Orc_Roc: pussy wait
(01:36 / All) JerryRosebud: tk instead
(01:49 / All) Orc_Roc: why not just leave?
(01:53 / All) WARRIOROFHEAVEN: prups back
(01:54 / All) Orc_Roc: situate ur baby
(02:00 / All) Orc_Roc: lmao
(02:02 / All) Orc_Roc: wtf
(02:16 / All) Orc_Roc: sneaky sneaky
(03:12 / Allies) Orc_Roc: yell what u doing
(03:17 / Allies) pusymoneyweed: chime
(03:45 / Allies) Orc_Roc: pink?
(04:22 / Allies) BeastOfTheEast: ty
(04:29 / Allies) Orc_Roc: bring ur heero if u want xp
(05:33 / Allies) Orc_Roc: healing first
(05:37 / Allies) Orc_Roc: then ill go to another
(05:41 / Allies) tvo: kk
(05:48 / Allies) Orc_Roc: ??
(05:54 / Allies) tvo: foutain
(05:58 / Allies) tvo: foutian
(05:59 / Allies) Orc_Roc: oh ok
(06:05 / Allies) Orc_Roc: ty
(06:05 / Allies) pusymoneyweed: yea
(06:18 / Allies) Orc_Roc: pink got web?
(06:30 / Allies) tvo: waiting on my upgrade
(06:43 / Allies) Orc_Roc: yellow
(06:44 / Allies) Orc_Roc: come
(07:18 / Allies) Orc_Roc: saved him for ya pinl
(08:33 / Allies) Orc_Roc: b
(09:37 / All) JerryRosebud: just cuz i hate orc roc
(10:03 / Allies) Orc_Roc: oj
(10:15 / Allies) BeastOfTheEast: Yes?
(10:20 / Allies) Orc_Roc: need help here
(10:30 / Allies) BeastOfTheEast: You got it
(10:40 / Allies) Orc_Roc: lol thank you
(10:45 / Allies) tvo: oj where tf are yopu
(10:53 / Allies) Orc_Roc: hes playing for the other team
(10:57 / Allies) BeastOfTheEast: Killing all of purple's peasants
(11:10 / Allies) Orc_Roc: doesnt help pinks base...
(11:29 / Allies) Orc_Roc: wood please soemone
(11:31 / All) JerryRosebud: oj u fucking slut
(11:37 / All) BeastOfTheEast: lol
(11:46 / Allies) Orc_Roc: i can tp sooon
(11:48 / All) JerryRosebud: thought we was boys
(11:50 / All) BeastOfTheEast: Purp dying to 1 hero
(12:11 / All) Orc_Roc: thnks oj
(12:37 / Allies) tvo: bitch ass fck boy i hope you die
(12:40 / Allies) Orc_Roc: pink u got any alccs...?
(12:47 / Allies) BeastOfTheEast: got every peasant
(12:49 / Allies) BeastOfTheEast: and 3 rifles
(13:14 / Allies) tvo: i fxkin hate oj
(13:16 / Allies) BeastOfTheEast: lol
(13:18 / Allies) BeastOfTheEast: Cry more
(13:22 / Allies) BeastOfTheEast: I did more than you all game buddy boy
(13:29 / Allies) BeastOfTheEast: with 1 HERO!
(13:30 / All) tvo: hit oj
(13:34 / All) tvo: he ant shit
(13:38 / All) BeastOfTheEast: I did more than him all game with 1 HERO!
(13:40 / All) BeastOfTheEast: and he is mad
(13:52 / All) tvo: 3 footmen
(13:56 / All) JerryRosebud: the man loves babies how can u be mad
(13:57 / All) Orc_Roc: u didnt do shit?
(14:38 / All) tvo: he is at the bottom kill that fck boy
(14:50 / Allies) Orc_Roc: coming
(14:53 / All) JerryRosebud: BULLYING ON OUR NOOB
(15:21 / All) tvo: blue
(15:24 / Allies) tvo: blue
(15:27 / Allies) Orc_Roc: mhmhm
(15:31 / Allies) tvo: nvm
(15:33 / Allies) BeastOfTheEast: ty yellow
(15:37 / Allies) tvo: yellow can you scout my base
(15:48 / Allies) Orc_Roc: yellow keep building
(15:51 / Allies) tvo: someone
(16:18 / Allies) Orc_Roc: i c
(16:30 / All) tvo: i have plenty of gold can someone see if there at my base so i can help the battle
(16:44 / Allies) BeastOfTheEast: ty
(16:48 / Allies) BeastOfTheEast: good work
(16:49 / Allies) Orc_Roc: aa
(16:58 / Allies) Orc_Roc: coming
(17:02 / Allies) Orc_Roc: foucs on wyvs
(17:03 / Allies) Orc_Roc: wyvs
(17:04 / Allies) Orc_Roc: wyvs
(17:11 / Allies) Orc_Roc: fuck bm
(17:12 / Allies) BeastOfTheEast: blue blocking yellow
(17:26 / All) BeastOfTheEast: LOL
(17:34 / All) BeastOfTheEast: trapped purp
(17:37 / Allies) Orc_Roc: guess im done making units
(17:39 / All) JerryRosebud: lulz
(17:40 / All) JerryRosebud: w 2 foots
(17:43 / All) iambest: eat my dick
(17:44 / Allies) Orc_Roc: need aa
(17:46 / All) BeastOfTheEast: now trapped with foots
(17:48 / All) BeastOfTheEast: after he escapes farm
(17:57 / All) BeastOfTheEast: free xp for me!
(18:03 / All) iambest: free loss too
(18:07 / All) BeastOfTheEast: LOL
(18:07 / All) JerryRosebud: LOL
(18:11 / All) BeastOfTheEast: You think you won?
(18:12 / Allies) Orc_Roc: coming pink
(18:16 / All) iambest: know we did
(18:19 / All) BeastOfTheEast: lol
(18:28 / All) JerryRosebud: WHERE IS THE "WE" COMING FROM IN PURPS MIND
(18:50 / All) iambest: from the vas deferons
(18:51 / All) BeastOfTheEast: Ready to be 0/0 purple?
(19:06 / All) BeastOfTheEast: If not too bad
(19:07 / All) JerryRosebud: HOW
(19:28 / Allies) Orc_Roc: need aa to save base
(19:48 / All) Orc_Roc: fuckin oj u suck dick
(19:49 / Allies) BeastOfTheEast: can take him with chims
(19:51 / All) Orc_Roc: ur ss
(19:52 / All) BeastOfTheEast: lol
(19:55 / All) JerryRosebud: LOL OJ IS UR BEST PLAYER YOU IDIOT
(20:01 / All) Orc_Roc: oj fucking blows
(20:04 / Allies) BeastOfTheEast: chims can take those wtf
(20:07 / All) JerryRosebud: YOUUUUU FUCKING BLOW
(20:08 / All) Orc_Roc: he fucking lets his team get killed
(20:10 / All) BeastOfTheEast: YOU CAN TAKE THAT RETARD YELLOW
(20:11 / All) BeastOfTheEast: WTF YOU DOING
(20:14 / All) JerryRosebud: CUZ YOU GUYS SUCKKKKKKKKKK
(20:16 / All) BeastOfTheEast: WHY ARE YOU RUNNING YOUR CHIMS BUDDY
(20:17 / Allies) pusymoneyweed: no
(20:21 / All) Orc_Roc: hey oj nice fucking units
(20:23 / Allies) pusymoneyweed: the tanks have canons
(20:23 / Allies) BeastOfTheEast: What the fuck are you talking about?
(20:28 / All) JerryRosebud: THEY ARE NICE
(20:30 / All) BeastOfTheEast: YOu fucking retard chims counter tanks
(20:33 / All) BeastOfTheEast: We had that
(20:35 / All) BeastOfTheEast: I'm tking you
(20:37 / All) JerryRosebud: well that's kinda not true
(20:40 / All) JerryRosebud: i woulda raped all
(20:42 / All) iambest: L
(20:44 / All) iambest: O
(20:45 / All) iambest: L
(20:50 / All) iambest: dude morts and siege rape tanks
(20:50 / All) BeastOfTheEast: fucking dumb chimbot
(20:51 / All) iambest: thts all
(21:04 / All) BeastOfTheEast: doesn't even have a fucking shop
(21:15 / All) Orc_Roc: oj ur awaste of life
(21:17 / All) Orc_Roc: seriously
(21:20 / All) WARRIOROFHEAVEN: lol
(21:21 / All) JerryRosebud: i'm down wit oj man
(21:24 / All) JerryRosebud: orc roc
(21:29 / All) JerryRosebud: you reallllly are a waste of life
(21:35 / All) Orc_Roc: lol stfu u nuub
(21:37 / All) Orc_Roc: ur trash
(21:39 / All) JerryRosebud: 1v1 me
(21:40 / All) Orc_Roc: fucking bk randy
(21:43 / All) Orc_Roc: u fucking suck
(21:49 / All) JerryRosebud: u can pick both races
(21:50 / All) Orc_Roc: ur a fat kidbehind computer screen
(21:54 / All) Orc_Roc: litterally
(22:01 / All) JerryRosebud: incorrect
(22:04 / All) iambest: ill fuck u all up
(22:04 / All) Orc_Roc: fat kid behind the screen thinking ur a boss
(22:06 / All) iambest: noodle ass kids
(22:09 / All) iambest: no fuckin life
(22:09 / All) Orc_Roc: u fucking homos
(22:15 / All) iambest: pffft
(22:15 / All) WARRIOROFHEAVEN: so much rage lol
(22:17 / All) JerryRosebud: ur the angry fat kid
(22:19 / All) iambest: i doubt tht green
(22:20 / All) BeastOfTheEast: Their rage is amazing
(22:22 / All) BeastOfTheEast: I love it
(22:30 / All) JerryRosebud: oj is my man
(23:10 / All) JerryRosebud: i think red is tk'ing m enowlololol
(24:18 / All) JerryRosebud: :)
(24:58 / All) BeastOfTheEast: Nice clumped up buildings for my blizzard
(25:02 / All) BeastOfTheEast: Thanks for the good building sim city
(25:04 / All) JerryRosebud: just for u daddy
(25:12 / All) iambest: LOL
(25:20 / All) JerryRosebud: u care about my baby
(25:23 / All) JerryRosebud: <3
(25:23 / All) JerryRosebud: UR THE ONLY ONE!!!!
(25:26 / All) BeastOfTheEast: GET THE FUCK OUT LAGGING TRASH PURPLE
(25:27 / All) WARRIOROFHEAVEN: retard allies i swear
(25:39 / All) JerryRosebud: TEAL JUST CALLED RED A "POAY"
(25:49 / All) WARRIOROFHEAVEN: lol
(25:52 / All) JerryRosebud: i don't KONW WHAT THAT IS BUT I'M SCARED!!!!!!!!!!!!!!!!!!!!!!!!!!!!!!!!!!!!!!!!!!!!!!!!!!!!!!!!!!!!!!!!!!!!!!!!!!!!
(25:56 / All) WARRIOROFHEAVEN: i think he meant "you'll pay"
(26:01 / All) WARRIOROFHEAVEN: serves teal right for not listening tome
(26:01 / All) JerryRosebud: LOL WORD
(26:24 / All) iambest: its so good
(26:27 / All) JerryRosebud: it makes me hard
(26:35 / All) iambest: 8=====================D
(26:38 / All) WARRIOROFHEAVEN: u know what makes me hard? anime
(26:39 / All) JerryRosebud: yesssssssssssssssssssssssssssssss
(26:41 / All) WARRIOROFHEAVEN: in particular, dragonballz
(26:45 / All) JerryRosebud: WAIT EVERYBODY
(26:47 / All) JerryRosebud: MY BABY
(26:49 / All) JerryRosebud: IS CRYING
(26:54 / All) JerryRosebud: FELL OUT OF A HI-CHAIR
(26:55 / All) JerryRosebud: WAIT
(26:58 / All) JerryRosebud: CANCEL BLIZZZARD.
(26:59 / All) BeastOfTheEast: Go tend it you are out of the game anyway
(27:01 / All) WARRIOROFHEAVEN: how the fuck is oj lvl 9 just 2 min ago he was lvl 4
(27:08 / All) JerryRosebud: pause fo rme
(27:24 / All) iambest: DROPHAXRLYFE
(27:24 / All) BeastOfTheEast: You have nothing to control anyway
(27:32 / All) JerryRosebud: i NEED TO WATCH
(27:36 / All) JerryRosebud: NEEEEEEEEEEED
(27:38 / All) BeastOfTheEast: FUCKING COCKGARGLING UNCLEFUCKER
(27:56 / All) JerryRosebud: U DONT EVEN KNOW HOW DISSAPOINTED I WAS WHEN AFTER ALL THAT BABY BULLSHIT
(27:59 / All) JerryRosebud: HE IS IN GAME
(27:59 / All) BeastOfTheEast: I'm going to go make something to eat I'll be back in 15 mins to check on the game
(28:02 / All) BeastOfTheEast: gonna cut up some veggies
(28:11 / All) iambest: drop hack for lyfe
(28:16 / All) iambest: lag out oj
(28:17 / All) JerryRosebud: what?
(28:22 / All) JerryRosebud: u such noob purp
(28:27 / All) iambest: drop hack for lyfe
(29:56 / All) WARRIOROFHEAVEN: just showing the boy some ropes
(31:02 / All) WARRIOROFHEAVEN: lol
(31:13 / All) WARRIOROFHEAVEN: tp staff doesn't = hacks
(32:23 / All) Zorro: oj wtf r u doing
(32:35 / All) WARRIOROFHEAVEN: hes getting a big army to kill us
(35:16 / All) BeastOfTheEast: Nigger teal still here?
(35:25 / All) WARRIOROFHEAVEN: yea im schooling him
(35:25 / All) BeastOfTheEast: I'm gonna make a meal, let's play a little while after this one
(35:28 / All) BeastOfTheEast: Good work
(38:51 / All) WARRIOROFHEAVEN: u are an amazing player teal
(38:59 / All) WARRIOROFHEAVEN: u should get a participation award
(41:59 / All) WARRIOROFHEAVEN: ending game